 Dungeon Crawl Stone Soup version 0.20-a0-731-gecde0bf (webtiles) character file.

150653 ThermosAquaticus the Markscentaur (level 16, -2/151 HPs)
             Began as a Centaur Hunter on Feb 21, 2017.
             Was the Champion of Okawaru.
             Slain by a jumping spider (12 damage)
             ... on level 4 of the Spider Nest on Feb 22, 2017.
             The game lasted 02:09:28 (32742 turns).

ThermosAquaticus the Markscentaur (Centaur Hunter) Turns: 32742, Time: 02:09:30

Health: -2/151     AC: 37    Str: 24    XL:     16   Next: 99%
Magic:  18/23      EV:  8    Int: 13    God:    Okawaru [******]
Gold:   2645       SH:  0    Dex: 11    Spells: 13/15 levels left

rFire    + + .     SeeInvis .   a - +4 longbow of Infinity {freeze, Str+3}
rCold    . . .     Gourm    .   T - +3 plate armour {MR+}
rNeg     . . .     Faith    .   (shield currently unavailable)
rPois    +         Spirit   .   c - +2 helmet {Int+3}
rElec    .         Reflect  .   e - +1 cloak
rCorr    +         Harm     +   s - +2 pair of gloves
MR       ++...                  p - +2 centaur barding {rF+}
Stlth    ..........             z - amulet of harm
Regen    0.8/turn               Y - ring of resist corrosion
MPRegen  0.2/turn               W - ring of protection from fire

@: lethally poisoned (-2 -> -9), about to teleport, heroism, finesse, very quick
A: hooves 3, deformed body, speed 2, poison resistance, regeneration 1, tough
skin 3
a: Heroism, Finesse, Renounce Religion


You were on level 4 of the Spider Nest.
You worshipped Okawaru.
Okawaru was exalted by your worship.
You were not hungry.

You visited 5 branches of the dungeon, and saw 28 of its levels.
You also visited: Labyrinth.

You collected 2725 gold pieces.
You spent 80 gold pieces at shops.

Inventory:

Hand Weapons
 a - the +4 longbow of Infinity (weapon) {freeze, Str+3}
   (Okawaru gifted it to you on level 14 of the Dungeon)

   It causes projectiles fired from it to freeze those they strike, causing
   extra injury to most foes and up to half again as much damage against
   particularly susceptible opponents.
   They can also slow down cold-blooded creatures.
   It affects your strength (+3).
 b - the +6 quarterstaff of Bread {crush, Dex+2}
   (You found it on level 11 of the Dungeon)

   It inflicts extra damage upon your enemies.
   It affects your dexterity (+2).
 o - a +0 longbow of velocity
 A - a +1 longbow of flaming
 D - a +0 blowgun
Missiles
 d - 384 arrows (quivered)
 y - 9 curare-tipped needles
Armour
 c - a +2 helmet of intelligence (worn)
 e - a +1 cloak (worn)
 l - a scarf of repulsion
 p - a +2 centaur barding of fire resistance (worn)
 s - a +2 pair of gloves (worn)
 T - a +3 plate armour of magic resistance (worn)
 V - the +6 chain mail of Good Intentions {-Cast rN++}
   (Okawaru gifted it to you on level 3 of the Spider Nest)

   It greatly protects you from negative energy.
   It prevents spellcasting.
Jewellery
 z - an amulet of harm (around neck)
 C - an uncursed ring of wizardry
 R - an uncursed ring of ice
 W - a ring of protection from fire (left hand)
 Y - a ring of resist corrosion (right hand)
Wands
 k - a wand of clouds (5/9)
 u - a wand of scattershot (3/9)
 x - a wand of clouds (4/9)
 H - a wand of acid (7/15)
 X - a wand of digging (15/24)
Scrolls
 h - 4 scrolls of teleportation
 n - 5 scrolls of fog
 q - 3 scrolls of enchant weapon
 v - 9 scrolls of remove curse
 E - a scroll of magic mapping
 F - 3 scrolls of fear
 P - 2 scrolls of blinking
 U - 3 scrolls of identify
 Z - 4 scrolls of recharging
Potions
 g - 3 potions of haste
 i - a potion of might
 m - 6 potions of brilliance
 r - 5 potions of flight
 t - 3 potions of heal wounds
 B - 6 potions of agility
 G - 5 potions of curing
 K - a potion of ambrosia
 O - a potion of cancellation
 Q - 5 potions of magic
Miscellaneous
 N - a fan of gales
 S - a lightning rod (4/4)
Comestibles
 f - 14 bread rations
 j - 16 meat rations
 w - 22 royal jellies
 I - a chunk of flesh
 J - 39 fruits


   Skills:
 - Level 16.0(21.0) Fighting
 - Level 20.0(25.0) Bows
 - Level 10.7(15.7) Armour
 - Level 8.0(13.0) Dodging
 - Level 0.4(5.4) Stealth
 - Level 10.4 Invocations
 + Level 8.1 Evocations


You had 13 spell levels left.
You knew the following spells:

 Your Spells              Type           Power        Failure   Level  Hunger
a - Blink                 Tloc           N/A          100%        2    ###....


Dungeon Overview and Level Annotations

Branches:
Dungeon (15/15)            Temple (1/1) D:5            Lair (6/6) D:9
 Shoals (0/4) Lair:3       Spider (4/4) Lair:4        Slime (0/5) Lair:6
    Orc (2/2) D:12            Elf (0/3) Orc:2        Vaults (0/5) D:14
 Depths (0/5) D:15

Altars:
Ashenzari
Cheibriados
Dithmenos
Elyvilon
Fedhas
Gozag
Hepliaklqana
Kikubaaqudgha
Makhleb
Nemelex Xobeh
Okawaru
Qazlal
Ru
Sif Muna
Trog
Uskayaw
Vehumet
Wu Jian
Xom
Yredelemnul
Zin
The Shining One

Shops:
D:14 }   D:15 (   Orc:2 [!!=%

Annotations:
D:2 Terence
Lair:6 Rupert


Innate Abilities, Weirdness & Mutations

You have hooves in place of feet.
Armour fits poorly on your strangely shaped body.
You cover ground very quickly.
You have extremely tough skin. (AC +3)
Your system is resistant to poisons. (rPois)
Your natural rate of healing is unusually fast.


Message History

The jumping spider bites you but does no damage.
The wolf spider hits you!
* * * LOW HITPOINT WARNING * * *
The wolf spider bites you.
* * * LOW HITPOINT WARNING * * *
You are poisoned.
The wolf spider poisons you!
You feel much better.
You feel very sick. The jumping spider pounces on you!
* * * LOW HITPOINT WARNING * * *
The jumping spider bites you but does no damage.
The jumping spider pounces on you!!
* * * LOW HITPOINT WARNING * * *
The jumping spider bites you but does no damage.
The jumping spider leaps!
The wolf spider hits you.
* * * LOW HITPOINT WARNING * * *
The wolf spider bites you but does no damage.
The jumping spider pounces on you!
You die...

#....# §§...# #≈..≈≈#^...^#
#^).^.#.....# #.....#^.^..#
#≈...#.....# #..^.#ss(..#.
..# #^.^.#^..^.#^. ## #^..#
#..^.ss^^^..^.. #.
.?...###...(@s.§...... #####
...^.........y...s..^.###....
)..........^.s.s...%#..^.....
..........§......#.##........
#..(.............###.........
.............#^........<..^..
.####(.†..^................#
#^..^##...........##^..##
#..#^.###.^.........#....#


You could see a wolf spider (berserk), a moth of wrath, 3 orb spiders, 3 jumping
spiders and a tarantella.

Vanquished Creatures
  Frances (D:13)
  3 orc warlords
  7 emperor scorpions
  A ghost moth (Spider:3)
  The ghost of Amnesiac the Brawler, a journeyman TrMo of Wu Jian (D:13)
  4 entropy weavers
  Azrael (D:13)
  A spark wasp (Spider:2)
  Snorg (Lair:6)
  A minotaur (Lab)
  Erolcha (D:13)
  A rakshasa (D:15)
  4 hydras
  A catoblepas (Lair:6)
  2 centaur warriors (D:14)
  9 two-headed ogres
  2 tengu warriors (D:14)
  3 orc high priests (Orc:2)
  Urug (D:13)
  Sonja (D:11)
  4 unseen horrors
  A wizard (D:14)
  6 orc knights
  10 orc sorcerers
  30 wolf spiders
  18 orb spiders
  8 ugly things
  12 deep elf magi
  2 manticores (D:14)
  5 cyclopes
  3 merfolk sirens (Lair:3)
  2 centaur zombies
  Psyche (D:11)
  2 black mambas
  Maurice (D:10)
  Joseph (Lair:1)
  A gargoyle (D:13)
  12 spiny frogs
  A torpor snail (Spider:3)
  4 komodo dragons
  A rime drake (Lair:5)
  9 demonic crawlers
  A merfolk (Lair:3)
  31 jumping spiders
  4 polar bears
  12 hornets
  8 trolls
  4 meliai
  16 blink frogs
  A hornet (shapeshifter) (D:15)
  4 slime creatures
  A hippogriff (shapeshifter) (D:12)
  7 hippogriffs
  A tarantella (shapeshifter) (D:15)
  24 tarantellas
  55 redbacks
  3 shadows
  13 spriggans
  4 fire elementals (D:13)
  53 yaks
  2 wraiths
  4 wyverns
  A basilisk (Lair:3)
  2 vampire mosquitoes (D:15)
  A hungry ghost (D:7)
  3 wargs
  An acid dragon (D:13)
  14 water moccasins
  A hell hound (D:13)
  37 orc warriors
  7 porcupines
  6 black bears (Lair:6)
  2 sky beasts
  2 ice beasts
  A necrophage (D:9)
  2 phantoms
  9 boggarts
  12 ogres
  26 wolves
  15 centaurs
  6 big kobolds
  10 crocodiles
  12 bullfrogs
  2 wyvern skeletons
  14 scorpions
  18 killer bees
  A vampire bat (D:6)
  4 wights
  9 howler monkeys
  An electric eel (Spider:1)
  8 crimson imps
  A bullfrog skeleton (D:10)
  A bullfrog zombie (D:11)
  2 hounds
  3 quasits
  A wyvern simulacrum (D:14)
  Crazy Yiuf (D:2)
  28 orc priests
  3 centaur skeletons
  7 jellies
  33 orc wizards
  3 iguanas
  15 worker ants
  Ijyb (D:3)
  A hound skeleton (D:10)
  A hound zombie (D:8)
  2 worker ant zombies (D:5)
  Robin (D:2)
  14 adders
  8 gnolls
  6 shadow imps
  9 oozes
  An adder zombie (D:9)
  3 adder skeletons
  3 worms
  4 leopard geckos
  102 orcs
  2 ball pythons
  19 bats
  13 giant cockroaches
  16 goblins
  15 hobgoblins
  3 jackals (D:6)
  23 kobolds
  A quokka (D:4)
  4 frilled lizards
  A jackal zombie (D:7)
  A leopard gecko skeleton (D:4)
  A leopard gecko zombie (D:7)
  2 quokka skeletons
  A quokka zombie (D:5)
  11 rats
  2 fungi
  A plant (Lair:3)
1025 creatures vanquished.

Vanquished Creatures (others)
  A polar bear (Lair:6)
  A tarantella (Spider:4)
  A bush (Lair:6)
  11 fungi
  6 plants
20 creatures vanquished.

Grand Total: 1045 creatures vanquished

Notes
Turn   | Place    | Note
-------+----------+-------------------------------------------
     0 | D:1      | ThermosAquaticus the Centaur Hunter began the quest for the Orb.
     0 | D:1      | Reached XP level 1. HP: 17/17 MP: 1/1
   186 | D:1      | Reached XP level 2. HP: 16/24 MP: 2/2
   302 | D:1      | Reached skill level 6 in Bows
   533 | D:1      | Reached XP level 3. HP: 29/29 MP: 3/3
  1155 | D:2      | Found a basalt altar of Yredelemnul.
  1156 | D:2      | Noticed Terence
  1170 | D:2      | Reached skill level 7 in Bows
  1271 | D:2      | Found a shadowy altar of Dithmenos.
  1389 | D:2      | Found a bloodstained altar of Trog.
  1485 | D:2      | Noticed Robin
  1532 | D:2      | Killed Robin
  1532 | D:2      | Reached XP level 4. HP: 22/36 MP: 4/4
  2048 | D:2      | Found a sacrificial altar of Ru.
  2131 | D:2      | Found a runed door.
  2136 | D:2      | Noticed Crazy Yiuf
  2166 | D:2      | Killed Crazy Yiuf
  2166 | D:2      | Reached skill level 8 in Bows
  2287 | D:3      | Reached XP level 5. HP: 23/41 MP: 5/5
  2807 | D:3      | Found a glowing golden altar of the Shining One.
  2867 | D:3      | Noticed Ijyb
  2876 | D:3      | Killed Ijyb
  2876 | D:3      | Reached skill level 9 in Bows
  3561 | D:3      | Reached XP level 6. HP: 36/48 MP: 6/6
  3899 | D:4      | Reached skill level 10 in Bows
  5250 | D:5      | Entered Level 5 of the Dungeon
  5280 | D:5      | Reached XP level 7. HP: 38/55 MP: 7/7
  5376 | D:5      | Found a shimmering altar of Xom.
  5394 | D:5      | Reached skill level 11 in Bows
  5781 | D:5      | Found a staircase to the Ecumenical Temple.
  5794 | Temple   | Entered the Ecumenical Temple
  5844 | Temple   | Became a worshipper of Warmaster Okawaru
  5954 | D:5      | Found a blossoming altar of Fedhas.
  6311 | D:6      | Reached skill level 12 in Bows
  7251 | D:6      | Reached * piety under Okawaru
  7251 | D:6      | Reached XP level 8. HP: 55/61 MP: 8/8
  7501 | D:7      | Found an opulent altar of Gozag.
  7522 | D:7      | Reached skill level 13 in Bows
  7843 | D:7      | Gained mutation: Your system is resistant to poisons. (rPois) [potion of mutation]
  7843 | D:7      | Gained mutation: Your natural rate of healing is unusually fast. [potion of mutation]
  7873 | D:7      | Reached skill level 14 in Bows
  7880 | D:7      | Reached skill level 1 in Invocations
  8007 | D:7      | Found a deep blue altar of Sif Muna.
  8317 | D:7      | Found a bloodstained altar of Trog.
  8417 | D:8      | Found a white marble altar of Elyvilon.
  8419 | D:8      | Noticed a two-headed ogre
  8470 | D:8      | Killed a two-headed ogre
  8470 | D:8      | Reached ** piety under Okawaru
  8470 | D:8      | Reached XP level 9. HP: 73/73 MP: 9/12
  8595 | D:8      | Reached skill level 5 in Fighting
  8608 | D:8      | Reached skill level 5 in Invocations
  8675 | D:8      | Reached *** piety under Okawaru
  9066 | D:8      | Found a snail-covered altar of Cheibriados.
  9138 | D:8      | Noticed a green ugly thing
  9178 | D:8      | Killed a green ugly thing
  9178 | D:8      | Reached skill level 1 in Armour
  9347 | D:8      | Reached **** piety under Okawaru
  9710 | D:8      | Reached XP level 10. HP: 76/86 MP: 14/14
  9758 | D:9      | Received a gift from Okawaru
 10842 | D:9      | Found a staircase to the Lair.
 10854 | D:9      | Received a gift from Okawaru
 10915 | D:9      | Found a hide-covered altar of Uskayaw.
 11413 | Lair:1   | Entered Level 1 of the Lair of Beasts
 11750 | Lair:1   | Noticed a spiny frog
 11754 | Lair:1   | Reached ***** piety under Okawaru
 11754 | Lair:1   | Reached skill level 5 in Armour
 11785 | Lair:1   | Killed a spiny frog
 11785 | Lair:1   | Received a gift from Okawaru
 11832 | Lair:1   | Noticed Joseph
 11859 | Lair:1   | Killed Joseph
 11859 | Lair:1   | Reached XP level 11. HP: 40/97 MP: 15/15
 12998 | Lair:2   | Reached skill level 15 in Bows
 13206 | Lair:2   | Received a gift from Okawaru
 14004 | Lair:3   | Found a staircase to the Shoals.
 14063 | Lair:3   | Received a gift from Okawaru
 14367 | Lair:3   | Received a gift from Okawaru
 14402 | Lair:3   | Learned a level 2 spell: Blink
 14530 | Lair:3   | Reached skill level 16 in Bows
 14631 | Lair:3   | Identified a scroll of acquirement
 15345 | Lair:4   | Found a hole to the Spider Nest.
 15783 | Lair:4   | Reached skill level 17 in Bows
 15863 | Lair:4   | Found a deep blue altar of Sif Muna.
 16297 | Lair:5   | Reached XP level 12. HP: 104/104 MP: 16/16
 16608 | Lair:5   | Noticed a four-headed hydra
 16631 | Lair:5   | Killed a four-headed hydra
 16999 | Lair:6   | Entered Level 6 of the Lair of Beasts
 17034 | Lair:6   | Reached skill level 18 in Bows
 17462 | Lair:6   | Noticed a five-headed hydra
 17467 | Lair:6   | Killed a five-headed hydra
 17467 | Lair:6   | Reached skill level 19 in Bows
 17615 | Lair:6   | Noticed Rupert
 17774 | Lair:6   | Reached ****** piety under Okawaru
 17823 | Lair:6   | Noticed an eight-headed hydra
 17864 | Lair:5   | Reached skill level 20 in Bows
 17933 | Lair:6   | Received a gift from Okawaru
 18105 | Lair:6   | Noticed Snorg
 18136 | Lair:6   | Killed Snorg
 18307 | Lair:6   | Reached XP level 13. HP: 91/112 MP: 17/17
 18473 | Lair:6   | Reached skill level 10 in Fighting
 18920 | Lair:6   | Found a staircase to the Slime Pits.
 19729 | D:10     | Entered Level 10 of the Dungeon
 19729 | D:10     | Found a sparkling altar of Nemelex Xobeh.
 19831 | D:10     | Noticed Maurice
 19836 | D:10     | Killed Maurice
 20421 | D:10     | Found a shattered altar of Ashenzari.
 20843 | D:10     | Received a gift from Okawaru
 21229 | D:11     | Received a gift from Okawaru
 21234 | D:11     | Noticed Psyche
 21299 | D:11     | Killed Psyche
 21373 | D:11     | Found a hazy altar of Hepliaklqana.
 21440 | D:11     | Got a jewelled quarterstaff
 21441 | D:11     | Identified the +6 quarterstaff of Bread {crush, Dex+2} (You found it on level 11 of the Dungeon)
 21546 | D:11     | Received a gift from Okawaru
 21791 | D:11     | Noticed Sonja
 21796 | D:11     | Killed Sonja
 21858 | D:12     | Found a labyrinth entrance.
 21865 | Lab      | Entered a labyrinth
 21964 | Lab      | Noticed a minotaur
 21982 | Lab      | Killed a minotaur
 22006 | Lab      | Identified the Guide on the Rocks
 22060 | D:12     | Reached skill level 5 in Dodging
 22115 | D:12     | Received a gift from Okawaru
 22173 | D:12     | Found a staircase to the Orcish Mines.
 22944 | Orc:1    | Entered Level 1 of the Orcish Mines
 23032 | Orc:2    | Entered Level 2 of the Orcish Mines
 23035 | Orc:2    | Reached XP level 14. HP: 124/124 MP: 19/19
 23046 | Orc:2    | Noticed an orc warlord
 23269 | Orc:1    | Killed an orc warlord
 23439 | Orc:1    | Received a gift from Okawaru
 23532 | Orc:2    | Found Xafuann's Food Shop.
 23762 | Orc:2    | Noticed an orc warlord
 23825 | Orc:2    | Killed an orc warlord
 24074 | Orc:2    | Found a staircase to the Elven Halls.
 24350 | Orc:2    | Found Ipu Ixodgh's Distillery.
 24350 | Orc:2    | Found Gittink's Jewellery Emporium.
 24354 | Orc:2    | Found Zoiseif's Distillery.
 24354 | Orc:2    | Found Ithiw's Armour Boutique.
 24369 | Orc:2    | Bought a potion of heal wounds for 80 gold pieces
 24691 | Orc:1    | Received a gift from Okawaru
 24722 | Orc:1    | Noticed an orc warlord
 24737 | Orc:1    | Paralysed by an orc sorcerer for 7 turns
 24938 | Orc:1    | Killed an orc warlord
 24938 | Orc:1    | Received a gift from Okawaru
 24938 | Orc:1    | Reached skill level 10 in Invocations
 24939 | Orc:1    | Got a slimy longbow {god gift}
 24941 | Orc:1    | Identified the +5 longbow of Okawaru's Envy {venom, rC- Int+3 SInv} (Okawaru gifted it to you on level 1 of the Orcish Mines)
 25613 | D:12     | Upgraded the game from 0.20-a0-709-gd40821f to 0.20-a0-731-gecde0bf
 25622 | D:13     | Noticed Urug
 25693 | D:13     | Killed Urug
 25730 | D:13     | Noticed Amnesiac's ghost (journeyman TrMo)
 25771 | D:13     | Killed Amnesiac's ghost
 25942 | D:13     | Received a gift from Okawaru
 25959 | D:13     | Noticed Frances
 25969 | D:13     | Killed Frances
 26049 | D:13     | Noticed Azrael
 26050 | D:13     | Noticed Erolcha
 26064 | D:13     | Killed Azrael
 26071 | D:13     | Killed Erolcha
 26071 | D:13     | Reached XP level 15. HP: 77/134 MP: 22/22
 26575 | D:14     | Received a gift from Okawaru
 26579 | D:14     | Got an ancient longbow {god gift}
 26602 | D:14     | Identified the +4 longbow of Infinity {freeze, Str+3} (Okawaru gifted it to you on level 14 of the Dungeon)
 26609 | D:14     | Reached skill level 10 in Armour
 26630 | D:14     | Found Putud's Gadget Boutique.
 26708 | D:14     | Found a shadowy altar of Dithmenos.
 26997 | D:14     | Found a gate to the Vaults.
 27240 | D:15     | Entered Level 15 of the Dungeon
 27347 | D:15     | Found Vaeb Cea's Antique Weapon Shop.
 27614 | D:15     | Received a gift from Okawaru
 28178 | D:15     | Found a staircase to the Depths.
 28542 | Spider:1 | Entered Level 1 of the Spider Nest
 28718 | Spider:1 | Received a gift from Okawaru
 29185 | Spider:1 | Received a gift from Okawaru
 30058 | Spider:2 | Reached XP level 16. HP: 147/147 MP: 23/23
 30407 | Spider:2 | Received a gift from Okawaru
 30493 | Spider:2 | Reached skill level 15 in Fighting
 31416 | Spider:3 | Reached skill level 1 in Evocations
 31669 | Spider:3 | Received a gift from Okawaru
 31672 | Spider:3 | Got a scorched chain mail {god gift}
 31674 | Spider:3 | Identified the +6 chain mail of Good Intentions {-Cast rN++} (Okawaru gifted it to you on level 3 of the Spider Nest)
 31807 | Spider:3 | Reached skill level 5 in Evocations
 32378 | Spider:4 | Entered Level 4 of the Spider Nest
 32742 | Spider:4 | Slain by a jumping spider

Vault maps used:
D:1:      scummos_arrival_star
D:2:      nicolae_overflow_hidden_temple, overflow_temple_1_default,
          first_bread, minmay_misc_feat_enclosed, trog_book, uniq_robin,
          uniq_crazy_yiuf_cottage, uniq_terence
D:3:      tso_metal_star, uniq_iyjb
D:4:      roderic_bali_sauvastika, wad_orctagon
D:5:      kennysheep_mini_moat, minmay_temple_entry_butterflies,
          xom_teletrap_fun
D:6:      roderic_batcave
D:7:      lemuel_doored_altar, marbit_many_paths, basic_altar
D:8:      elyvilon_altar_1, old_standard_altar
D:9:      eat_drink_and_be_merry_uskayaw, grunt_lair_entry_orc_guard_hut
D:10:     basic_altar, ashenzari_altar_1, uniq_maurice
D:11:     basic_altar, uniq_psyche, uniq_sonja
D:12:     david_orc_3, lab_entry_generic, kennysheep_generic_room_14
D:13:     uniq_frances, uniq_azrael, uniq_urug, uniq_erolcha
D:14:     david_vaults_1, serial_shops, nicolae_shop_behind_doors,
          nicolae_dithmenos_the_darkroom, hangedman_little_slice_of_home
D:15:     gammafunk_enter_depths_forms, serial_shops, shop,
          grunt_decor_mini_mirrors
Temple:   jpeg_temple_alley_garden
Lair:1:   cheibrodos_lair_lostbears, uniq_joseph
Lair:2:   grunt_forest_small_clearings
Lair:3:   elwin_shoals_entry_stream
Lair:4:   nicolae_spider_entry_non_spiders, basic_altar, columned_hall_lemuel,
          fungi_pond_lemuel, lemuel_fruit_tree, grunt_megastairs_3
Lair:6:   minmay_lair_end_enchanted_forest, nicolae_slime_entry_slimehenge,
          uniq_snorg, uniq_rupert
Spider:2: spiders_nest_scorpion_pit
Spider:3: nicolae_spider_corner
Spider:4: grunt_spider_rune_parallel, hive_lemuel
Orc:1:    elves_outpost_lemuel
Orc:2:    grunt_orc_tribal_feast, serial_shops, shop
Lab:      labyrinth_spiral, nicolae_lab_diamond

Skill      XL: |  1  2  3  4  5  6  7  8  9 10 11 12 13 14 15 16 |
---------------+-------------------------------------------------+-----
Bows           | 6 7 8 9 10 12 14 17 20 | 20.0
Invocations    | 4 6 7 10 | 10.4
Fighting       | 4 7 9 11 12 14 16 | 16.0
Armour         | 2 5 7 8 9 10 | 10.7
Dodging        | 2 5 6 8 |  8.0
Evocations     | 8 |  8.1
Stealth        | |  0.4

Action                   |  1- 3 |  4- 6 |  7- 9 | 10-12 | 13-15 | 16-18 || total
-------------------------+-------+-------+-------+-------+-------+-------++-------
Melee: Short sword       |   126 |       |       |       |       |       ||   126
       Kick              |    25 |    43 |    67 |    24 |    27 |       ||   186
       Quarterstaff      |    22 |   214 |   298 |    85 |    93 |       ||   712
       Longbow           |       |       |       |       |    19 |     1 ||    20
 Fire: Shortbow          |     4 |    67 |   248 |   622 |       |       ||   941
       Longbow           |       |       |       |   534 |  1480 |   464 ||  2478
       Blowgun           |       |       |       |       |     4 |       ||     4
Invok: Heroism           |       |       |     1 |     3 |     2 |     4 ||    10
       Finesse           |       |       |       |       |       |     1 ||     1
Evoke: Wand              |       |       |       |       |     4 |       ||     4
  Use: Scroll            |       |       |     4 |    12 |    17 |     4 ||    37
       Potion            |       |       |     8 |     2 |     2 |     1 ||    13
  Eat: Chunk             |     1 |    10 |    11 |    18 |    29 |     6 ||    75
       Royal jelly       |       |       |     1 |     1 |       |       ||     2
Armor: Leather armour    |    30 |       |       |       |       |       ||    30
       Ring mail         |    20 |   123 |   220 |   286 |   307 |       ||   956
       Chain mail        |       |       |   122 |   147 |    70 |       ||   339
       Plate armour      |       |       |       |       |   226 |   196 ||   422
Dodge: Dodged            |    57 |    93 |   235 |   182 |   179 |    47 ||   793
